Map: Eastwatch LE

Players

axu - Winner!

  • Race: Protoss Protoss
  • League: Platinum
  • Spawn Location: 1:00

kramola

  • Race: Terran Terran
  • League: Platinum
  • Spawn Location: 7:00

VOD

Have the link to the VOD?

Description

Time

  • Played on: March 27, 2018, 12:55 p.m.
  • Length: 16:22
Show
View Real Time Build Order
Export as new Build Order

axu Protoss - Winner!

Build Orders: 1 Gate Expand 

Get SALT Encoding   

  12  0:01  Probe  
  13  0:13  Probe  
  14  0:18  Pylon  
  14  0:25  Probe  
  15  0:37  Probe  
  15  0:38  Gateway  
  16  0:49  Probe (Chrono Boost)  
  17  0:50  Assimilator  
  17  1:00  Probe (Chrono Boost)  
  18  1:05  Probe (Chrono Boost)  
  19  1:15  Probe  
  20  1:31  Nexus  
  20  1:36  Cybernetics Core  
  20  1:52  Assimilator  
  20  1:54  Pylon  
  20  1:56  Probe  
  20  2:08  Probe (Chrono Boost)  
  20  2:13  Warp Gate  
  23  2:16  Stalker  
  23  2:24  Probe (Chrono Boost)  
  24  2:35  Probe  
  25  2:42  Robotics Facility  
  26  2:44  Probe  
  26  2:48  Probe  
  27  2:55  Pylon  
  27  2:56  Probe  
  28  3:00  Probe  
  29  3:05  Stalker  
  29  3:08  Probe  
  32  3:13  Twilight Council, Probe  
  33  3:20  Probe  
  33  3:25  Probe  
  35  3:31  Gateway  
  35  3:32  Probe  
  36  3:35  Gateway  
  36  3:36  Observer  
  37  3:53  Probe x2  
  37  3:54  Shield Battery  
  39  3:57  Observer  
  40  4:05  Probe x2  
  42  4:14  Assimilator  
  42  4:16  Assimilator  
  42  4:19  Immortal  
  46  4:26  Pylon  
  46  4:32  Pylon  
  46  4:33  Probe  
  46  4:34  Probe  
  48  4:46  Probe x2  
  50  5:06  Stalker x2  
  50  5:07  Stalker  
  56  5:13  Immortal  
  60  5:16  Probe x2  
  62  5:28  Probe x2  
  63  5:40  Probe  
  64  5:55  Shield Battery  
  64  5:57  Stalker x3  
  70  6:05  Pylon  
  70  6:06  Pylon  
  70  6:09  Templar Archives  
  70  6:12  Forge  
  70  6:16  Forge  
  61  6:48  Stalker  
  61  6:49  Stalker x2  
  61  6:53  Observer  
  58  7:08  Photon Cannon  
  58  7:14  Observer  
  58  7:19  Protoss Ground Weapons Level 1 (Chrono Boost)  
  58  7:20  Photon Cannon  
  58  7:25  High Templar x3  
  64  7:30  Protoss Ground Armor Level 1 (Chrono Boost)  
  54  8:06  Probe  
  54  8:07  Probe  
  56  8:19  Probe x2 (Chrono Boost)  
  58  8:20  Photon Cannon  
  58  8:23  Photon Cannon  
  58  8:30  Probe (Chrono Boost)  
  58  8:31  Probe (Chrono Boost)  
  60  8:37  Stalker x3  
  66  8:48  Gateway  
  66  8:51  Gateway  
  66  8:52  Gateway x2  
  66  8:53  Immortal  
  66  8:54  Probe  
  66  8:55  Probe  
  72  9:07  Probe x2  
  71  9:27  Nexus  
  71  9:28  Pylon  
  71  9:32  Observer, Pylon  
  71  9:37  Stalker x3  
  78  9:39  Pylon  
  78  9:44  Protoss Ground Weapons Level 2  
  78  9:45  Protoss Ground Armor Level 2  
  78  9:52  Psionic Storm  
  78  9:56  High Templar x3  
  84  10:06  Immortal  
  88  10:16  Assimilator  
  88  10:20  Assimilator  
  88  10:23  Photon Cannon  
  88  10:26  Photon Cannon  
  88  10:40  Probe x2  
  88  10:41  Probe  
  91  10:52  Probe  
  91  10:53  Probe x2  
  91  10:56  High Templar x4  
  102  10:57  High Templar  
  102  11:00  Archon  
  102  11:01  Archon  
  102  11:02  High Templar  
  106  11:06  Archon  
  106  11:13  Probe  
  106  11:14  Probe x2  
  109  11:22  Blink  
  109  11:26  Probe x3  
  112  12:07  High Templar x3  
  97  12:32  Stalker  
  97  12:33  Stalker  
  101  12:39  Photon Cannon  
  101  12:42  Photon Cannon  
  99  13:08  Stalker  
  97  13:16  Pylon  
  97  13:17  Pylon  
  97  13:19  Pylon  
  73  13:40  Stalker x2  
  73  13:42  Stalker  
  73  13:43  Stalker x4  
  79  13:56  Observer  
  79  14:01  Nexus  
  80  14:04  Photon Cannon  
  80  14:15  Stalker  
  80  14:16  Stalker x5  
  92  14:17  Stalker, Observer  
  92  14:22  Probe x2  
  97  14:30  Pylon  
  97  14:32  Assimilator  
  97  14:34  Probe x2  
  99  14:38  Immortal  
  103  15:15  Photon Cannon  
  103  15:17  Photon Cannon  
  103  15:18  Observer  
  103  15:20  Photon Cannon  
Show
View Real Time Build Order
Export as new Build Order

kramola Terran 

Build Orders: 1/1/1 

Get SALT Encoding   

  12  0:01  SCV  
  13  0:13  SCV  
  14  0:18  Supply Depot  
  14  0:25  SCV  
  15  0:30  Refinery  
  15  0:42  Barracks  
  15  0:46  SCV  
  16  0:54  Refinery  
  16  1:02  SCV  
  17  1:14  SCV  
  18  1:26  SCV  
  18  1:31  Factory  
  19  1:37  Marine  
  20  1:40  Orbital Command  
  20  2:17  Starport  
  20  2:18  SCV  
  20  2:22  Starport  
  21  2:24  Supply Depot  
  21  2:32  SCV  
  22  2:44  SCV  
  22  2:46  Widow Mine  
  22  2:50  Bunker  
  25  2:55  Starport Tech Lab  
  25  2:58  Starport Tech Lab  
  25  3:01  SCV  
  26  3:18  Banshee  
  29  3:26  Supply Depot  
  29  3:27  Banshee  
  29  3:29  Marine  
  33  3:34  SCV  
  34  3:46  SCV  
  35  3:51  Supply Depot  
  35  3:59  SCV  
  36  4:11  Command Center  
  37  4:19  Banshee x2  
  42  4:32  Engineering Bay  
  42  4:35  Marine  
  43  4:57  Supply Depot  
  43  4:59  Cloaking Field  
  43  5:01  SCV  
  44  5:07  Factory Tech Lab  
  44  5:08  Marine  
  44  5:13  SCV  
  46  5:22  Missile Turret  
  46  5:25  SCV  
  46  5:26  Marine  
  46  5:27  Supply Depot  
  48  5:29  Missile Turret  
  48  5:30  Banshee  
  51  5:37  SCV  
  52  5:47  Marine  
  52  5:49  SCV  
  54  5:56  Banshee  
  57  6:01  SCV  
  58  6:04  Marine  
  58  6:05  Starport  
  59  6:13  Banshee, SCV  
  63  6:25  SCV  
  61  6:59  Banshee x2  
  67  7:42  Banshee x2  
  64  8:04  SCV  
  65  8:16  SCV  
  66  8:20  Starport Reactor  
  66  8:22  Orbital Command  
  66  8:25  Banshee x2  
  72  8:28  SCV  
  73  8:40  SCV  
  73  8:41  Liberator x2  
  74  8:42  Bunker  
  74  8:43  Refinery  
  74  8:45  Missile Turret  
  74  8:46  Bunker, Missile Turret  
  74  8:47  Refinery  
  74  8:50  Missile Turret  
  74  8:52  SCV  
  81  9:04  SCV  
  81  9:08  Banshee, Marine  
  86  9:13  Terran Infantry Weapons Level 1  
  86  9:20  Banshee  
  83  9:26  Marine  
  84  9:44  Marine  
  85  9:56  Liberator x2  
  85  10:00  Siege Tank  
  85  10:01  Marine  
  89  10:09  Supply Depot  
  89  10:11  Supply Depot  
  95  10:15  Viking  
  95  10:18  Viking  
  95  10:19  Marine  
  100  10:22  SCV x2  
  102  10:33  Supply Depot  
  102  10:34  SCV x2  
  104  10:36  Supply Depot  
  104  10:37  Marine  
  104  10:42  Bunker  
  105  10:46  SCV x2  
  107  10:55  Supply Depot, Marine  
  107  10:56  Command Center  
  108  10:58  Command Center  
  108  11:00  Supply Depot  
  108  11:15  Marine  
  109  11:19  Supply Depot  
  109  11:22  Missile Turret  
  109  11:23  Supply Depot  
  109  11:33  Barracks, Marine  
  109  11:34  Barracks  
  110  11:43  Barracks x2  
  110  11:48  Missile Turret  
  110  11:51  Marine  
  110  11:52  Missile Turret  
  111  11:54  Missile Turret  
  99  12:10  Missile Turret  
  55  12:55  Planetary Fortress  
  50  13:20  Orbital Command  
  50  13:24  Siege Tank  
  41  13:56  Siege Tank  
  42  14:04  Liberator x2  
  42  14:15  Marine  
  43  14:18  Banshee x2  
  55  14:33  Marine  
  56  14:40  Orbital Command  
  56  14:47  Liberator  
  56  14:50  Liberator  
  56  14:55  SCV x3  
  59  15:01  Banshee x2  
  68  15:07  Refinery, SCV x3  
  68  15:08  Refinery  
  74  15:19  SCV x2  
  74  15:40  SCV  
  69  15:45  SCV  
  58  15:53  SCV  
  56  15:57  SCV  
Tags
 
Add a new tag
Caveats
  • Supply blocks, unpowered buildings, or Contaminate may cause inaccurate times.
  • Supply counts are checked every 10 seconds.